 Dungeon Crawl Stone Soup version 0.31-a0-1317-gdfb52cbc09 (webtiles) character file.

Game seed: 17105736127469505909

51 Chimkentus the Trooper (level 3, -7/40 HPs)
             Began as a Troll Monk on Dec 20, 2023.
             Mangled by Crazy Yiuf
             ... wielding a +2 quarterstaff of chaos
              (8 damage)
             ... on level 2 of the Dungeon.
             The game lasted 00:02:50 (1341 turns).

Chimkentus the Trooper (Troll Monk)                 Turns: 1341, Time: 00:02:51

Health: -7/40      AC:  4    Str: 27    XL:     3   Next: 58%
Magic:  2/2        EV: 10    Int:  6    God:
Gold:   92         SH:  0    Dex: 12    Spells: 2/2 levels left

rFire   . .          .
                       - Unarmed
rCold   . . .        c - orb {light}
rNeg    . . .        a - +0 robe
rPois   .            (helmet restricted)
rElec   .            (no cloak)
rCorr   .            (gloves unavailable)
SInv    .            (boots unavailable)
Will    .....        n - amulet of magic regeneration
Stlth   +            h - +6 ring of strength
HPRegen 1.06/turn    (no ring)
MPRegen 0.48/turn

%: no passive effects
@: lethally poisoned (-7 -> -8), glowing
A: large, unfitting armour, claws 3, regeneration 1, shaggy fur 1, tough skin 1,
robust 1, wild magic 1, inability to drink after injury 1
a: no special abilities


You were on level 2 of the Dungeon.
You visited 1 branch of the dungeon, and saw 2 of its levels.

You collected 92 gold pieces.

Inventory:

Missiles
 d - 26 stones
Armour
 a - a +0 robe (worn)
 c - an orb of light (worn)
Magical Staves
 o - a staff of alchemy
Jewellery
 h - a +6 ring of strength (left claw)
 n - an amulet of magic regeneration (around neck)
Scrolls
 e - a scroll of enchant armour {unknown}
 g - 2 scrolls of identify {unknown}
 j - a scroll of fog {unknown}
 k - a scroll of teleportation {unknown}
Potions
 b - a potion of ambrosia
 f - a potion of mutation
 i - a potion of heal wounds {unknown}
 l - a potion of cancellation {unknown}
 m - a potion of curing {unknown}


   Skills:
 * Level 3.2 Fighting
 * Level 1.0 Throwing
 + Level 2.8 Dodging
 - Level 3.0 Unarmed Combat


You had 2 spell levels left.
You didn't know any spells.
Your spell library was empty.

Dungeon Overview and Level Annotations

Branches:
Dungeon (2/15)

Altars:
Yredelemnul

Annotations:
D:2 Crazy Yiuf


Innate Abilities, Weirdness & Mutations

You are too large for most types of armour.
You have claws for hands.
Your natural rate of healing is unusually fast.
You are covered in fur. (AC +1)
You have tough skin. (AC +1)
You are robust. (+10% HP)
Your spells are a little harder to cast, but a little more powerful.
You occasionally lose the ability to drink potions when taking damage.


Message History

You claw the adder!
You kill the adder!
Your Throwing skill increases to level 1!
No target in view!
Found a hammer.
Found two hammers.
You see here a +0 hammer.
Found four hammers.
Found a runed translucent door.
You see here a +0 hammer.
Found a hammer.
Crazy Yiuf shouts!
Found a hammer.
Crazy Yiuf screams, "Shadow!"
You see here a +0 hammer.
Okay, then.
You open the door. You barely miss Crazy Yiuf.
Crazy Yiuf hits you with a +2 quarterstaff of chaos!
You are poisoned.
You barely miss Crazy Yiuf.
You feel sick.
Crazy Yiuf says, "Castle disdain bag!"
Crazy Yiuf hits you with a +2 quarterstaff of chaos.
Crazy Yiuf freezes you.
You scratch Crazy Yiuf but do no damage.
You feel sick.
Crazy Yiuf hits you with a +2 quarterstaff of chaos!
* * * LOW HITPOINT WARNING * * *
You are electrocuted!
* * * LOW HITPOINT WARNING * * *
You are too injured to fight recklessly!
Unknown command.
It was a potion of mutation.
You feel extremely strange.
You feel less in control of your magic.
You occasionally lose the ability to drink potions when taking damage.
You feel robust.
* * * LOW HITPOINT WARNING * * *
You feel sick.
Crazy Yiuf cries, "Lay mobile snail!"
Crazy Yiuf hits you with a +2 quarterstaff of chaos!
You die...

#.# #.# #####
#####†# #.# #
##.....# #.# #
#..##### ### #
#.## # #.########
# #.#.#.)#)###
###
#......)#..##..)#
########
#......####@g.).#
#....... ##..#.##
###)))# #.######
###### ### #.#
#.# #.# #####.#
#.....# #######


You could see Crazy Yiuf.

Vanquished Creatures
  An adder (D:2)
  A worm (D:2)
  2 endoplasms (D:1)
  2 goblins
  2 hobgoblins (D:1)
  10 jackals (D:1)
  A quokka (D:2)
  3 ball pythons
  A bat (D:2)
  A frilled lizard (D:1)
  10 kobolds
  2 rats (D:1)
36 creatures vanquished.

Notes
Turn   | Place    | Note
-------+----------+-------------------------------------------
     0 | D:1      | Chimkentus the Troll Monk began the quest for the Orb.
     0 | D:1      | Reached XP level 1. HP: 22/22 MP: 0/0
    94 | D:1      | Reached XP level 2. HP: 29/29 MP: 1/1
   635 | D:1      | Reached XP level 3. HP: 37/37 MP: 2/2
  1170 | D:2      | Found a basalt altar of Yredelemnul.
  1324 | D:2      | Reached skill level 1 in Throwing
  1333 | D:2      | Found a runed translucent door.
  1334 | D:2      | Noticed Crazy Yiuf
  1340 | D:2      | HP: 1/37 [Crazy Yiuf/+2 quarterstaff of chaos (10)]
  1341 | D:2      | Gained mutation: Your spells are a little harder to cast,
                  | but a little more powerful. [potion of mutation]
  1341 | D:2      | Gained mutation: You occasionally lose the ability to drink
                  | potions when taking damage. [potion of mutation]
  1341 | D:2      | Gained mutation: You are robust. (+10% HP) [potion of
                  | mutation]
  1341 | D:2      | Mangled by Crazy Yiuf

Illustrated notes

Levels and vault maps discovered:
D:1:      amcnicky_arrival_single_pillar, layout_loops_ring
D:2:      layout_loops_ring, basic_altar, uniq_crazy_yiuf_cottage

Skill      XL: |  1  2  3 |
---------------+----------+-----
Fighting       | 3 |  3.2
Throwing       | 1 |  1.0
Dodging        | |  2.8
Unarmed Combat | |  3.0

Action                     || total
---------------------------++-------
  Melee: Unarmed           ||    65
    Use: Potion            ||     1
 Armour: Robe              ||    29
  Dodge: Dodged            ||    24

Table legend: (Time is in decaauts)
 A = Elapsed time spent in this place.
 B = Non-inter-level travel time spent in this place.
 C = Inter-level travel time spent in this place.
 D = Time resting spent in this place.
 E = Time spent auto-exploring this place.
 F = Levels seen in this place.
 G = Mean time per level.
                   A        B        C        D        E       F      G
               +--------+--------+--------+--------+--------+-----+--------+
         Total |   1336 |   1301 |     35 |      0 |   1117 |   2 |  668.0 |
       Dungeon |   1336 |   1301 |     35 |      0 |   1117 |   2 |  668.0 |
               +--------+--------+--------+--------+--------+-----+--------+

Top non-repeatable levels by time:
     D:1: 681 daAuts
     D:2: 655 daAuts
